 Dungeon Crawl Stone Soup version 0.30-a0-165-g1891117ce2 (webtiles) character file.

Game seed: 5708193014918692602

30 nono the Ducker (level 3, 0/19 HPs)
             Began as a Spriggan Fighter on Sept 28, 2022.
             Slain by a worm (9 damage)
             ... on level 2 of the Dungeon.
             The game lasted 00:01:49 (1046 turns).

nono the Ducker (Spriggan Fighter)                  Turns: 1046, Time: 00:01:49

Health: 0/19       AC:  2    Str: 14    XL:     3   Next: 3%
Magic:  4/4        EV: 17    Int:  9    God:
Gold:   61         SH: 11    Dex: 14    Spells: 2/2 levels left

rFire   . . .      SeeInvis +    a - +0 long sword
rCold   . . .      Faith    .    c - +0 buckler
rNeg    . . .      Spirit   .    b - +0 robe
rPois   .          Reflect  +    (helmet restricted)
rElec   .          Harm     .    (no cloak)
rCorr   .          Rampage  .    (gloves unavailable)
Will    .....                    (boots unavailable)
Stlth   ++........               i - amulet of reflection
HPRegen 0.06/turn                (no ring)
MPRegen 0.09/turn                (no ring)

@: very quick
A: very small, no large weapons, unfitting armour, see invisible, speed 3
a: no special abilities


You were on level 2 of the Dungeon.
You visited 1 branch of the dungeon, and saw 2 of its levels.

You collected 61 gold pieces.

Inventory:

Hand Weapons
 a - a +0 long sword (weapon)
Armour
 b - a +0 robe (worn)
 c - a +0 buckler (worn)
Jewellery
 g - a ring of positive energy
 i - an amulet of reflection (around neck)
Scrolls
 e - 2 scrolls of identify {unknown}
 f - a scroll of brand weapon {unknown}
 h - a scroll of vulnerability {unknown}
Potions
 d - a potion of might


   Skills:
 * Level 2.7 Fighting
 * Level 2.0 Long Blades
 * Level 4.5 Dodging
 + Level 1.4 Stealth
 - Level 2.1 Shields


You had 2 spell levels left.
You didn't know any spells.
Your spell library contained the following spells:

 Spells                   Type           Power      Damage    Failure   Level
 Foxfire                  Conj/Fire      0%         2x1d4     63%         1
 Fireball                 Conj/Fire      0%         3d3       100%        5
 Starburst                Conj/Fire      0%         6d3       100%        6


Dungeon Overview and Level Annotations

Branches:
Dungeon (2/15)

Altars:
Qazlal


Innate Abilities, Weirdness & Mutations

You are very small and have problems with some larger weapons.
You are too small for most types of armour.
You have supernaturally acute eyesight. (SInv)
You cover ground extremely quickly. (Speed+++)


Message History

The goblin is heavily wounded.
You block the goblin's attack.
A worm comes into view.
The goblin hits you with a +0 mace.
You hit the goblin.
You kill the goblin!
You block the goblin's attack.
You slash the goblin!
You kill the goblin!
You block the rat's attack. The rat completely misses you.
You have reached level 3!
Your experience leads to an increase in your attributes!
Increase (S)trength, (I)ntelligence, or (D)exterity?
You feel stronger. x2
You closely miss the rat. The rat barely misses you.
You closely miss the rat. You block the rat's attack.
You closely miss the rat. The rat misses you. You block the rat's attack.
You hit the rat.
You kill the rat!
Found a club and a red potion.
The worm barely misses you.
Items here: )) ††.
You hit the worm.
The worm is lightly wounded.
An endoplasm comes into view.
You barely miss the worm.
The worm is lightly wounded.
The worm bites you!
You are too injured to fight recklessly!
You are too injured to fight recklessly!
You are too injured to fight recklessly!
You are too injured to fight recklessly!
Unknown command.
You barely miss the worm. You block the worm's attack.
You slash the worm!
The worm is moderately wounded.
The worm completely misses you.
You slash the worm!
The worm is severely wounded.
The worm bites you!
You die...

#.#..#.#.#.#
#.#..#.#.#.#
#######.##.#...#.# #
.......>##.#####.# #.
#######.##.......# #!
#.########## ##.####
##.####### #)...w#
#......... #@#
#......... #.## #.#
#.........
.....#J#+##.........
#..........#.........
......#....'......)..
#####.#....#.........
# #.....<........
#.............
#.............


You could see a worm and an endoplasm.

Vanquished Creatures
  3 ball pythons (D:1)
  A bat (D:1)
  An endoplasm (D:1)
  A giant cockroach (D:1)
  5 hobgoblins
  3 kobolds (D:1)
  2 quokkas (D:1)
  A frilled lizard (D:1)
  5 goblins
  3 rats
25 creatures vanquished.

Vanquished Creatures (others)
  7 plants (D:1)
7 creatures vanquished.

Grand Total: 32 creatures vanquished

Notes
Turn   | Place    | Note
-------+----------+-------------------------------------------
     0 | D:1      | nono the Spriggan Fighter began the quest for the Orb.
     0 | D:1      | Reached XP level 1. HP: 11/11 MP: 2/2
   125 | D:1      | Reached XP level 2. HP: 10/16 MP: 3/3
   492 | D:1      | Reached skill level 1 in Stealth
  1021 | D:2      | Found a stormy altar of Qazlal.
  1037 | D:2      | Reached XP level 3. HP: 15/19 MP: 4/4
  1046 | D:2      | Slain by a worm

Illustrated notes

Levels and vault maps discovered:
D:1:      spicycebolla_arrival_clurvy, layout_rooms
D:2:      layout_basic, basic_altar, minmay_tall_x

Skill      XL: |  1  2 |
---------------+-------+-----
Stealth        | 1 |  1.4
Long Blades    | 2 |  2.0
Fighting       | |  2.7
Dodging        | |  4.5
Shields        | |  2.1

Action                   || total
-------------------------++-------
Melee: Long sword        ||    81
 Stab: Sleeping          ||     1
Armor: Robe              ||     7
Dodge: Dodged            ||    48
Block: Buckler           ||    41
       Reflection        ||     1

Table legend: (Time is in decaauts)
 A = Elapsed time spent in this place.
 B = Non-inter-level travel time spent in this place.
 C = Inter-level travel time spent in this place.
 D = Time resting spent in this place.
 E = Time spent auto-exploring this place.
 F = Levels seen in this place.
 G = Mean time per level.
                   A        B        C        D        E       F      G
               +--------+--------+--------+--------+--------+-----+--------+
         Total |    857 |    847 |     10 |      0 |    662 |   2 |  428.5 |
       Dungeon |    857 |    847 |     10 |      0 |    662 |   2 |  428.5 |
               +--------+--------+--------+--------+--------+-----+--------+

Top non-repeatable levels by time:
     D:1: 780 daAuts
     D:2: 76 daAuts
